 Dungeon Crawl Stone Soup version 0.25-a0-108-gda8bd6c (webtiles) character file.

Game seed: 4682328473485924872, levelgen mode: deterministic

22 BoppinsLewinski the Skirmisher (level 2, 0/24 HPs)
             Began as a Demonspawn Monk on Nov 18, 2019.
             Succumbed to an adder's poison
             ... on level 2 of the Dungeon.
             The game lasted 00:02:23 (544 turns).

BoppinsLewinski the Skirmisher (Demonspawn Monk)     Turns: 544, Time: 00:02:24

Health: 0/24       AC:  2    Str: 11    XL:     2   Next: 68%
Magic:  2/2        EV: 13    Int: 11    God:
Gold:   16         SH:  0    Dex: 15    Spells: 1/1 levels left

rFire    . . .     SeeInvis .   a - +0 spear
rCold    . . .     Gourm    .   (no shield)
rNeg     . . .     Faith    .   b - +0 robe
rPois    .         Spirit   .   (no helmet)
rElec    .         Reflect  .   (no cloak)
rCorr    .         Harm     .   (no gloves)
MR       .....                  (no boots)
Stlth    ++........             (no amulet)
HPRegen  0.08/turn              (no ring)
MPRegen  0.08/turn              (no ring)

@: lethally poisoned (0 -> -7)
A: powered by death 1
a: no special abilities


You were on level 2 of the Dungeon.
You were not hungry.

You visited 1 branch of the dungeon, and saw 2 of its levels.

You collected 16 gold pieces.

Inventory:

Hand Weapons
 a - a +0 spear (weapon)
Armour
 b - a +0 robe (worn)
 d - a +0 chain mail
Jewellery
 h - an uncursed ring of see invisible {unknown}
Scrolls
 e - 2 scrolls of identify {unknown}
 f - a scroll of amnesia {unknown}
 i - a scroll of remove curse {unknown}
Comestibles
 c - 3 rations


   Skills:
 + Level 3.2 Fighting
 * Level 3.1 Polearms
 + Level 0.7 Armour
 + Level 2.9 Dodging
 - Level 1.7 Stealth


You had one spell level left.
You didn't know any spells.
Your spell library was empty.

Dungeon Overview and Level Annotations

Branches:
Dungeon (2/15)

Altars:


Innate Abilities, Weirdness & Mutations

You regenerate a little health from kills.


Message History

Ye ar'n't carryin' any potions.
Ye feel sick.
Ye be too injured ta fight recklessly!
Ye be too injured ta fight recklessly!
Ye be too injured ta fight recklessly!
Ye miss tha adder.
Tha adder bites ye.
* * * LOW HITPOINT WARNIN'
* * * Ye be leth'lly poison'd!
Tha adder poisons ye!
Ye hit tha adder.
Tha adder be moderately wounded.
* * * LOW HITPOINT WARNIN'
* * * Ye feel sick.
Tha adder bites ye.
* * * LOW HITPOINT WARNIN'
* * * Ye hit tha adder.
Tha adder be heavily wounded.
Tha adder closely misses ye. x2
Ye closely miss tha adder.
Tha adder be heavily wounded.
Ye die...

#.........#
###.#####. #.# #.#
#.#####.# # ###
#.......#.#
...#.#######.#
#.#.#######.#####
#.<....@Sg......#
###(#####........
##....(###........
.........((.........
####........#...#.##
#.....g#.#.g...#
#......#.#....##
###.##.#.#>.....
#...g.#.....###


You could see an adder and a goblin.

Vanquished Creatures
  A leopard gecko (D:1)
  A giant cockroach (D:1)
  2 hobgoblins (D:1)
  3 jackals (D:1)
  3 kobolds (D:1)
  5 bats (D:1)
  A goblin (D:1)
  6 rats (D:1)
22 creatures vanquished.

Notes
Turn   | Place    | Note
-------+----------+-------------------------------------------
     0 | D:1      | BoppinsLewinski the Demonspawn Monk began the quest for the
                  | Orb.
     0 | D:1      | Reached XP level 1. HP: 18/18 MP: 1/1
   189 | D:1      | Gained mutation: You regenerate a little health from kills.
                  | [demonic ancestry]
   189 | D:1      | Reached XP level 2. HP: 23/24 MP: 2/2
   542 | D:2      | HP: 1/24 [adder (5)]
   544 | D:2      | Succumbed to an adder's poison

Levels and vault maps discovered:
D:1:      lightli_molten_gateway, layout_basic, minmay_pentomino_u4
D:2:      layout_loops_ring, nicolae_overflow_hidden_temple

Skill      XL: |  1  2 |
---------------+-------+-----
Polearms       | 3 |  3.1
Fighting       | |  3.2
Armour         | |  0.7
Dodging        | |  2.9
Stealth        | |  1.7

Action                   || total
-------------------------++-------
Melee: Spear             ||    83
Armor: Robe              ||    12
Dodge: Dodged            ||    53

Table legend:
 A = Non-vault XP
 B = Vault XP
 C = Vault XP percentage of total XP
 D = Non-vault monster count
 E = Vault monster count
 F = Vault count percentage of total count
                 A         B        C        D         E       F
            +---------+---------+-------+---------+---------+-------
      Total |      25 |       7 |  21.9 |      18 |       4 |  18.2
            +---------+---------+-------+---------+---------+-------
        D:1 |      25 |       7 |  21.9 |      18 |       4 |  18.2
            +---------+---------+-------+---------+---------+-------
